 Dungeon Crawl Stone Soup version 0.30-a0-135-g630cfc4551 (webtiles) character file.

Game seed: 2333767156068525570

832 IdlyInterested the Slasher (level 7, -2/55 HPs)
             Began as a Demonspawn Wanderer on Sept 20, 2022.
             Slain by a komodo dragon (16 damage)
             ... on level 5 of the Dungeon.
             The game lasted 00:21:05 (5816 turns).

IdlyInterested the Slasher (Demonspawn Wanderer)    Turns: 5816, Time: 00:21:05

Health: -2/55      AC:  5    Str: 12    XL:     7   Next: 65%
Magic:  0/21       EV: 11    Int: 13    God:
Gold:   28         SH: 10    Dex: 15    Spells: 8/12 levels left

rFire   . . .      SeeInvis .    h - +1 scimitar
rCold   + . .      Faith    .    b - +0 buckler
rNeg    . . .      Spirit   +    g - +0 ring mail
rPois   .          Reflect  +    (no helmet)
rElec   .          Harm     .    (no cloak)
rCorr   .          Rampage  .    (no gloves)
Will    +....                    (no boots)
Stlth   +.........               t - amulet of reflection
HPRegen 0.18/turn                j - ring of magical power
MPRegen 0.34/turn                C - ring "Pobe" {rC+ Will+}

@: no status effects
A: ignite blood 1, magic shield, magic regeneration, sturdy frame 1
a: no special abilities


You were on level 5 of the Dungeon.
You visited 1 branch of the dungeon, and saw 5 of its levels.

You collected 172 gold pieces.
You spent 144 gold pieces at shops.

Inventory:

Hand Weapons
 a - a +3 falchion
 h - a +1 scimitar (weapon)
 n - a +0 short sword
Missiles
 c - a throwing net (quivered)
 k - 3 curare-tipped darts
 B - 2 javelins
Armour
 b - a +0 buckler (worn)
 d - a +0 leather armour
 g - a +0 ring mail (worn)
 m - a +0 robe
 w - a +0 plate armour
Jewellery
 j - a ring of magical power (left hand)
 t - an amulet of reflection (around neck)
 C - the ring "Pobe" (right hand) {rC+ Will+}
   (You found it on level 3 of the Dungeon)

   [ring of willpower]

   rC:        It protects you from cold.
   Will:      It increases your willpower.
 E - a ring of magical power
Wands
 o - a wand of digging (3)
 F - a wand of polymorph (7)
Scrolls
 v - a scroll of summoning
Potions
 e - a potion of resistance
 p - a potion of flight
 q - 3 potions of degeneration {unknown}
 r - a potion of magic
 x - a potion of brilliance
 A - a potion of curing
 D - 3 potions of invisibility


   Skills:
 * Level 4.4 Fighting
 + Level 4.8 Long Blades
 - Level 1.0 Throwing
 - Level 1.0 Armour
 + Level 2.6 Dodging
 - Level 1.0 Stealth
 - Level 3.0 Shields
 * Level 3.3 Spellcasting
 - Level 1.7 Ice Magic
 - Level 2.0 Evocations


You had 8 spell levels left.
You knew the following spells:

 Your Spells              Type           Power      Damage    Failure   Level
a - Freeze                Ice            24%        1d5       22%         1
b - Ozocubu's Armour      Ice            6%         N/A       54%         3

Your spell library contained the following spells:

 Spells                   Type           Power      Damage    Failure   Level
 Blink                    Tloc           4%         N/A       54%         2
 Manifold Assault         Tloc           2%         N/A       99%         4
 Storm Form               Tmut/Air       1%         N/A       100%        7


Dungeon Overview and Level Annotations

Branches:
Dungeon (5/15)
 Temple: D:4-7

Altars:
Gozag
Trog

Shops:
D:4 :((   D:5 ?


Innate Abilities, Weirdness & Mutations

Your demonic aura sometimes causes spilled blood to erupt in flames.
When hurt, damage is shared between your health and your magic reserves.
You regenerate magic rapidly.
Your movements are slightly less encumbered by armour. (ER -2)


Message History

You kill the adder!
You see here a +0 giant club.
There is an entrance to Itiqooq's Magic Scroll Boutique here.
You can access your shopping list by pressing '$'.
Things that are here:
a +0 giant club; an ogre corpse
As you read the scroll of identify, it crumbles to dust.
e - a potion of resistance
F - a wand of polymorph (7) (gained 2 charges)
You start resting.
A komodo dragon comes into view.
The komodo dragon hisses angrily.
Throw: 2 darts (poison)
Press: ? - help, Q - select action, (/) - cycle Shift-Dir - straight line, f - komodo dragon
Aim: a komodo dragon (68% to hit)
You throw a poisoned dart.
The poisoned dart hits the komodo dragon.
Throw: dart (poison)
Press: ? - help, Q - select action, (/) - cycle Shift-Dir - straight line, f/p - komodo dragon
Aim: a komodo dragon (68% to hit)
You throw a poisoned dart.
The poisoned dart completely misses the komodo dragon.
Throw: 5 darts (curare)
Press: ? - help, Shift-Dir - straight line, f/p - komodo dragon
Aim: a komodo dragon (68% to hit)
You throw a curare-tipped dart.
The curare-tipped dart closely misses the komodo dragon.
The komodo dragon hisses menacingly.
Throw: 4 darts (curare)
Press: ? - help, Shift-Dir - straight line, f/p - komodo dragon
Aim: a komodo dragon (68% to hit)
You throw a curare-tipped dart.
The curare-tipped dart barely misses the komodo dragon.
You closely miss the komodo dragon. The komodo dragon bites you!!
You hit the komodo dragon.
The komodo dragon is lightly wounded.
The komodo dragon bites you!!
* * * LOW HITPOINT WARNING * * *
The komodo dragon bites you!!
You die...

##############
#......○.....#
##(.(...l@....####
.........[○.......
##............####
#.........##########
#.......†..#.#.#.#.#
#.........#.#.#.#.#
#..........#.#.#.#
#.........#.#.#.#.
#..........#.#)#.#


You could see a komodo dragon.

Vanquished Creatures
  Sigmund (D:2)
  2 ogres (D:5)
  A phantom (D:4)
  A necrophage (D:5)
  A hound (D:5)
  3 iguanas (D:4)
  Jessica (D:2)
  2 orc wizards (D:4)
  3 gnolls (D:4)
  7 adders
  A dart slug (D:2)
  6 orcs
  19 ball pythons
  4 endoplasms
  5 giant cockroaches
  5 goblins
  8 hobgoblins
  4 jackals (D:1)
  4 quokkas
  A bat (D:2)
  4 frilled lizards
  2 kobolds
  6 rats
91 creatures vanquished.

Notes
Turn   | Place    | Note
-------+----------+-------------------------------------------
     0 | D:1      | IdlyInterested the Demonspawn Wanderer began the quest for
                  | the Orb.
     0 | D:1      | IdlyInterested set off with the following items: a +2
                  | falchion, a +0 buckler, a potion of lignification, a +0
                  | robe; and the following spell memorised: Freeze; and the
                  | following spells available to memorise: Ozocubu's Armour.
     0 | D:1      | Reached XP level 1. HP: 13/13 MP: 3/3
   186 | D:1      | Gained mutation: You regenerate magic rapidly. [demonic
                  | ancestry]
   186 | D:1      | Reached XP level 2. HP: 20/20 MP: 5/5
   208 | D:1      | Reached skill level 1 in Fighting
   584 | D:1      | Found a faded altar of an unknown god.
   738 | D:1      | Reached skill level 1 in Evocations
   933 | D:1      | Reached XP level 3. HP: 26/26 MP: 6/6
  1419 | D:2      | Reached skill level 1 in Armour
  1513 | D:2      | Found a bloodstained altar of Trog.
  1517 | D:2      | You fall into a shaft and drop 2 floors!
  1722 | D:3      | Gained mutation: Your demonic aura sometimes causes spilled
                  | blood to erupt in flames. [demonic ancestry]
  1722 | D:3      | Reached XP level 4. HP: 33/33 MP: 7/7
  1781 | D:2      | Noticed Jessica
  1788 | D:2      | Killed Jessica
  1890 | D:2      | Reached skill level 1 in Dodging
  1913 | D:2      | Noticed Sigmund
  1930 | D:2      | Killed Sigmund
  1931 | D:2      | Reached XP level 5. HP: 27/41 MP: 8/8
  1931 | D:2      | Gained mutation: When hurt, damage is shared between your
                  | health and your magic reserves. [demonic ancestry]
  1931 | D:2      | Reached XP level 6. HP: 31/47 MP: 9/9
  2227 | D:2      | Learned a level 3 spell: Ozocubu's Armour
  2699 | D:1      | You fall into a shaft and drop 1 floor!
  3160 | D:3      | Found an opulent altar of Gozag.
  3266 | D:3      | Identified the ring "Pobe" {rC+ Will+}
  3807 | D:4      | Reached skill level 1 in Stealth
  3830 | D:4      | Reached skill level 1 in Throwing
  3906 | D:4      | Gained mutation: Your movements are slightly less
                  | encumbered by armour. (ER -2) [demonic ancestry]
  3906 | D:4      | Reached XP level 7. HP: 12/52 MP: 8/10
  4442 | D:4      | Found Nidestol's Antique Weapon Boutique.
  4463 | D:4      | Found Kiwoghu's Weapon Shoppe.
  4508 | D:4      | Found Zaywur's Book Shoppe.
  5327 | D:4      | Bought a scimitar for 108 gold pieces
  5350 | D:4      | Bought 5 curare-tipped darts for 36 gold pieces
  5490 | D:5      | Entered Level 5 of the Dungeon
  5655 | D:5      | Found Itiqooq's Magic Scroll Boutique.
  5809 | D:5      | Noticed a komodo dragon
  5816 | D:5      | Slain by a komodo dragon

Illustrated notes

Levels and vault maps discovered:
D:1:      dpeg_arrival_prison, layout_loops_corners,
          nicolae_ecumenical_snake_handling
D:2:      layout_loops_ring, basic_altar, minmay_snake_closets, uniq_jessica,
          uniq_sigmund
D:3:      layout_basic, mainiacjoe_overflow_tiny_flanked
D:4:      layout_basic, serial_shops, kennysheep_mini_moat, shop, shop
D:5:      layout_basic, mainiacjoe_overflow_six_doors_small, serial_shops,
          nicolae_lakefront_shop, shop, shop, kennysheep_mini,
          nicolae_shop_trees, chequers_serial_rivers_room_a

Skill      XL: |  1  2  3  4  5  6  7 |
---------------+----------------------+-----
Fighting       | 1 2 3 4 |  4.4
Evocations     | 1 2 |  2.0
Armour         | 1 |  1.0
Long Blades    | 3 4 |  4.8
Dodging        | 1 2 |  2.6
Shields        | 3 |  3.0
Stealth        | 1 |  1.0
Throwing       | 1 |  1.0
Spellcasting   | 3 |  3.3
Ice Magic      | |  1.7

Action                   |  1- 3 |  4- 6 |  7- 9 || total
-------------------------+-------+-------+-------++-------
Melee: Falchion          |    98 |   146 |    18 ||   262
       Scimitar          |       |       |    24 ||    24
Throw: Boomerang         |     2 |     1 |       ||     3
       Dart              |       |     2 |     5 ||     7
  Use: Potion            |       |     2 |       ||     2
       Scroll            |       |       |    16 ||    16
 Stab: Sleeping          |       |       |     1 ||     1
Armor: Robe              |     3 |       |       ||     3
       Ring mail         |    34 |    33 |     7 ||    74
       Skin              |       |     1 |       ||     1
Dodge: Dodged            |    49 |    57 |    17 ||   123
Block: Buckler           |    20 |    70 |    13 ||   103
       Reflection        |       |     3 |     2 ||     5

Table legend: (Time is in decaauts)
 A = Elapsed time spent in this place.
 B = Non-inter-level travel time spent in this place.
 C = Inter-level travel time spent in this place.
 D = Time resting spent in this place.
 E = Time spent auto-exploring this place.
 F = Levels seen in this place.
 G = Mean time per level.
                   A        B        C        D        E       F      G
               +--------+--------+--------+--------+--------+-----+--------+
         Total |   5872 |   5238 |    634 |   1126 |   2829 |   5 | 1174.4 |
       Dungeon |   5872 |   5238 |    634 |   1126 |   2829 |   5 | 1174.4 |
               +--------+--------+--------+--------+--------+-----+--------+

Top non-repeatable levels by time:
     D:4: 1878 daAuts
     D:1: 1388 daAuts
     D:2: 1380 daAuts
     D:3: 1002 daAuts
     D:5: 222 daAuts
